 Dungeon Crawl Stone Soup version 0.25-a0-340-ga1faa1601d (webtiles) character file.

Game seed: 8284111708525559134, levelgen mode: classic

52295 Borgoz the Fencer (level 14, -2/95 HPs)
             Began as a Gargoyle Fighter on Dec 29, 2019.
             Was a Believer of Ashenzari.
             Killed from afar by a frost giant (46 damage)
             ... with a bolt of cold
             ... on level 15 of the Dungeon.
             The game lasted 00:27:06 (14393 turns).

Borgoz the Fencer (Gargoyle Fighter)               Turns: 14393, Time: 00:27:07

Health: -2/95      AC: 34    Str: 29    XL:     14   Next: 63%
Magic:  14/14      EV: 10    Int: 15    God:    Ashenzari [**....]
Gold:   1005       SH:  0    Dex: 11    Spells: 13/13 levels left

rFire    . . .     SeeInvis .   a - +4 great sword (elec)
rCold    . . .     Gourm    .   (shield currently unavailable)
rNeg     + . .     Faith    .   v - +6 scale mail of Egalitarianism {Str+7 Int+2}
rPois    ∞         Spirit   .   J - +2 helmet {Int+3}
rElec    +         Reflect  .   D - +1 cloak {MR+}
rCorr    .         Harm     .   (no gloves)
MR       ++...                  C - +0 pair of boots
Stlth    ..........             j - amulet of regeneration
HPRegen  0.65/turn              (no ring)
MPRegen  0.14/turn              (no ring)

@: flying
A: big wings, negative energy resistance 1, electricity resistance, unbreathing,
petrification resistance, rot immunity, AC +10
a: Stop Flying, Curse Item, Scrying, Renounce Religion


You were on level 15 of the Dungeon.
You worshipped Ashenzari.
Ashenzari was pleased with you.
You were hungry.

You visited 2 branches of the dungeon, and saw 16 of its levels.

You collected 1201 gold pieces.
You spent 196 gold pieces at shops.

Inventory:

Hand Weapons
 a - a +4 great sword of electrocution (weapon)
 m - the +6 rapier of the Last People {vamp, rF+ Str-3 SInv}
   (You found it on level 5 of the Dungeon)

   It inflicts no extra harm, but heals its wielder when it wounds a living foe.
   It affects your strength (-3).
   It protects you from fire.
   It lets you see invisible.
 O - the +5 demon whip "Spellbinder" {antimagic, MR+}
   (You found it on level 14 of the Dungeon)

   It reduces the magical energy of the wielder, and disrupts the spells and
   magical abilities of those hit.
   Natural abilities and divine invocations are not affected.
   It affects your resistance to hostile enchantments.
 P - a +3 great sword
Armour
 c - a +0 shield
 o - a +4 scale mail of cold resistance
 q - +0 ice dragon scales
 v - the +6 scale mail of Egalitarianism (worn) {Str+7 Int+2}
   (You found it on level 5 of the Dungeon)

   It affects your strength (+7).
   It affects your intelligence (+2).
 C - a +0 pair of boots (worn)
 D - a +1 cloak of magic resistance (worn)
 J - a +2 helmet of intelligence (worn)
Jewellery
 j - an amulet of regeneration (around neck)
 G - an uncursed amulet of the gourmand
Wands
 b - a wand of flame (9)
 t - a wand of random effects (25)
 w - a wand of enslavement (1)
 x - a wand of iceblast (14)
 B - a wand of disintegration (34)
 M - a wand of acid (4)
Scrolls
 e - 7 scrolls of remove curse
 g - a scroll of holy word
 k - 6 scrolls of teleportation {unknown}
 n - 4 scrolls of magic mapping {unknown}
 r - 3 scrolls of blinking
 s - a scroll of amnesia {unknown}
 u - a scroll of enchant armour {unknown}
 y - a scroll of summoning {unknown}
 A - a scroll of vulnerability {unknown}
 E - a scroll of random uselessness {unknown}
 K - 2 scrolls of enchant weapon
 L - a scroll of acquirement {unknown}
Potions
 d - a potion of agility
 i - 3 potions of magic
 l - 3 potions of cancellation
 p - a potion of flight {unknown}
 z - 2 potions of curing
 F - 2 potions of brilliance
 I - a potion of lignification
 N - a potion of mutation {unknown}
Comestibles
 f - 27 rations


   Skills:
 + Level 13.8 Fighting
 * Level 15.7 Long Blades
 + Level 13.8 Armour
 - Level 3.2 Shields


You had 13 spell levels left.
You didn't know any spells.
Your spell library contained the following spells:

 Spells                   Type           Power        Failure   Level  Hunger
 Beastly Appendage        Tmut           #.....       43%         1    ##.....
 Foxfire                  Conj/Fire      #...         43%         1    ##.....
 Freeze                   Ice            #...         43%         1    ##.....
 Shock                    Conj/Air       #...         43%         1    ##.....
 Sting                    Tmut/Pois      #...         43%         1    ##.....
 Poisonous Vapours        Pois/Air       #.....       56%         2    ###....
 Sticks to Snakes         Tmut           #.......     56%         2    ###....
 Swiftness                Chrm/Air       #.......     56%         2    ###....
 Conjure Flame            Conj/Fire      #.......     80%         3    ####...
 Ignite Poison            Fire/Tmut/Pois #.......     80%         3    ####...
 Inner Flame              Hex/Fire       #.......     80%         3    ####...
 Mephitic Cloud           Conj/Pois/Air  #.......     80%         3    ####...
 Spider Form              Tmut/Pois      #.........   80%         3    ####...
 Static Discharge         Conj/Air       #.......     80%         3    ####...
 Airstrike                Air            #.........   99%         4    #####..
 Ice Form                 Ice/Tmut       #.......     99%         4    #####..
 Olgreb's Toxic Radiance  Pois           #.......     99%         4    #####..
 Sticky Flame             Conj/Fire      #.......     99%         4    #####..
 Blade Hands              Tmut           #.........   100%        5    ######.
 Fireball                 Conj/Fire      #.........   100%        5    ######.
 Lightning Bolt           Conj/Air       #.........   100%        5    ######.
 Iron Shot                Conj/Erth      #.........   100%        6    #######


Dungeon Overview and Level Annotations

Branches:
Dungeon (15/15)            Temple (1/1) D:6            Lair (0/6) D:11
    Orc (0/2) D:10         Vaults (0/5) D:14         Depths (0/5) D:15

Altars:
Ashenzari
Cheibriados
Dithmenos
Elyvilon
Fedhas
Gozag
Hepliaklqana
Kikubaaqudgha
Makhleb
Nemelex Xobeh
Okawaru
Qazlal
Ru
Sif Muna
Trog
Uskayaw
Vehumet
Wu Jian
Xom
Yredelemnul
Zin
The Shining One

Shops:
D:4 (   D:5 *%(}   D:10 [   D:13 *

Portals:
Trove: D:11 (give +7 demon trident)

Annotations:
D:11 1 runed translucent door


Innate Abilities, Weirdness & Mutations

You are resistant to torment.
Your stone body is resilient. (AC +10)
You are immune to poison.
Your large and strong wings let you fly indefinitely.
You resist negative energy. (rN+)
You are resistant to electric shocks. (rElec)
You can survive without breathing.
You are immune to petrification.
You are immune to rotting.


Message History

The bolt of cold hits you!!
You are too injured to fight recklessly!
You are too injured to fight recklessly!
You are too injured to fight recklessly!
The frost giant hits you but does no damage.
You slash the frost giant!
Lightning courses through the frost giant!
The frost giant is moderately wounded.
The frost giant barely misses you.
You slash the frost giant!
The frost giant is moderately wounded.
You slice the frost giant!!
The frost giant is heavily wounded.
The frost giant hits you with a +1 battleaxe of freezing.
The frost giant freezes you.
You slash the frost giant!
The frost giant is severely wounded.
The frost giant casts a spell at you. The bolt of cold hits you!!!
You die...

##.##.......
#.........#.
#.........#.
*########.......##. ,
................#.
##########.###.......
#........#.# #.......
,#⌠.C....⌠#.####.....#
,#.._@._..#.#..#..##..
#..'⌠......⌠'.#.....##..
#..##########.#.....####
# ##.... #.........## ,
*#......##........... *
##.)..##†).........# *
.#8..8#.)).......... ,
[........)..#.......
...........##..^..÷.


You could see a frost giant.

Vanquished Creatures
  Rupert (D:12)
  A tengu reaver (D:15)
  An ironheart preserver (D:14)
  Nessos (D:12)
  A fire dragon (D:15)
  Snorg (D:10)
  Josephine (D:14)
  A rakshasa (D:15)
  A hydra (D:14)
  An ice dragon (D:15)
  2 catoblepae
  2 centaur warriors
  An ogre mage (D:14)
  13 two-headed ogres
  3 tengu warriors (D:14)
  An unseen horror (D:12)
  A flayed ghost (D:15)
  Pikel (D:5)
  4 harpies (D:14)
  2 ugly things
  2 cyclopes
  A manticore (D:13)
  A deep elf mage (D:14)
  4 centaur zombies
  Joseph (D:8)
  3 gargoyles
  4 kobold demonologists
  A tengu conjurer (D:14)
  A komodo dragon (D:14)
  5 trolls
  Grinder (D:5)
  4 meliai
  A meliai zombie (D:13)
  4 slime creatures
  4 hippogriffs
  2 centaur simulacra
  A redback (D:15)
  3 vampires
  Sigmund (D:5)
  A spriggan (shapeshifter) (D:14)
  A shadow (D:14)
  2 wyverns
  8 wraiths
  13 yaks
  Eustachio (D:5)
  6 vampire mosquitoes (D:14)
  2 hungry ghosts
  An acid dragon (D:12)
  A soldier ant (D:12)
  Duvessa (D:5)
  2 porcupines (D:11)
  6 orc warriors
  4 sky beasts
  4 slaves
  An eye of draining (D:14)
  4 ice beasts
  3 black bears
  An ice beast (shapeshifter) (D:14)
  3 necrophages
  9 phantoms
  11 ogres
  7 centaurs
  A crocodile (D:15)
  6 big kobolds
  5 bullfrogs
  Dowan (D:5)
  A troll zombie (D:10)
  9 scorpions
  7 wights
  4 howler monkeys
  5 crimson imps
  3 quasits
  3 jellies
  3 bullfrog skeletons
  7 hounds
  13 orc wizards
  Crazy Yiuf (D:5)
  2 bullfrog zombies
  2 iguanas
  8 orc priests
  5 centaur skeletons
  Ijyb (D:3)
  10 worker ants
  7 ogre zombies (D:10)
  A hound skeleton (D:7)
  2 worker ant zombies
  17 adders
  3 gnolls (D:7)
  2 shadow imps
  6 oozes
  An adder skeleton (D:4)
  A dart slug (D:1)
  3 leopard geckos
  51 orcs
  6 giant cockroaches
  3 goblins
  9 hobgoblins
  17 jackals
  6 quokkas
  3 ball pythons
  9 bats
  4 frilled lizards
  4 goblin skeletons (D:10)
  4 goblin zombies (D:10)
  A hobgoblin skeleton (D:10)
  2 hobgoblin zombies (D:10)
  A jackal skeleton (D:5)
  29 kobolds
  An orc skeleton (D:10)
  13 orc zombies (D:10)
  2 quokka zombies (D:6)
  6 rats
  A fungus (D:11)
488 creatures vanquished.

Vanquished Creatures (others)
  A cyclops (D:13)
  A shadow imp (D:15)
  4 fungi (D:11)
  2 plants (D:11)
8 creatures vanquished.

Grand Total: 496 creatures vanquished

Notes
Turn   | Place    | Note
-------+----------+-------------------------------------------
     0 | D:1      | Borgoz the Gargoyle Fighter began the quest for the Orb.
     0 | D:1      | Reached XP level 1. HP: 14/14 MP: 1/1
    45 | D:1      | Reached skill level 2 in Long Blades
    64 | D:1      | Reached XP level 2. HP: 14/19 MP: 2/2
   189 | D:1      | Reached XP level 3. HP: 18/23 MP: 3/3
   735 | D:2      | Noticed an ice beast
   750 | D:2      | Killed an ice beast
   750 | D:2      | Reached skill level 3 in Long Blades
   750 | D:2      | Reached XP level 4. HP: 18/29 MP: 4/4
   750 | D:2      | Reached XP level 5. HP: 21/33 MP: 5/5
  1850 | D:3      | Found an ancient bone altar of Kikubaaqudgha.
  1878 | D:3      | Reached skill level 4 in Long Blades
  1906 | D:3      | Found an opulent altar of Gozag.
  1938 | D:3      | Noticed Ijyb
  1944 | D:3      | Reached XP level 6. HP: 36/39 MP: 6/6
  1961 | D:3      | Killed Ijyb
  2602 | D:4      | Reached skill level 5 in Fighting
  2602 | D:4      | Reached skill level 5 in Armour
  2610 | D:4      | Reached XP level 7. HP: 40/44 MP: 7/7
  2675 | D:4      | Reached skill level 5 in Long Blades
  2894 | D:4      | Found a burning altar of Makhleb.
  2930 | D:5      | Entered Level 5 of the Dungeon
  2930 | D:5      | Found Ezisuw's Antique Weapon Shoppe.
  2940 | D:5      | Noticed Pikel
  3090 | D:5      | Killed Pikel
  3090 | D:5      | Reached skill level 6 in Long Blades
  3090 | D:5      | Reached XP level 8. HP: 47/51 MP: 8/8
  3170 | D:5      | Got a crude rapier
  3171 | D:5      | Identified the +6 rapier of the Last People {vamp, rF+
                  | Str-3 SInv} (You found it on level 5 of the Dungeon)
  3173 | D:5      | Noticed Sigmund
  3182 | D:5      | Killed Sigmund
  3231 | D:5      | Found Helob's General Store.
  3243 | D:5      | Noticed Grinder
  3249 | D:5      | Paralysed by Grinder for 7 turns
  3266 | D:5      | Killed Grinder
  3266 | D:5      | Reached skill level 7 in Long Blades
  3283 | D:5      | Found Bobeu's Gadget Boutique.
  3312 | D:5      | Noticed Duvessa
  3312 | D:5      | Noticed Dowan
  3331 | D:5      | Killed Duvessa
  3331 | D:5      | Reached XP level 9. HP: 45/56 MP: 9/9
  3337 | D:5      | Killed Dowan
  3361 | D:5      | Got an amethyst-encrusted scale mail
  3373 | D:5      | Identified the +6 scale mail of Egalitarianism {Str+7
                  | Int+2} (You found it on level 5 of the Dungeon)
  3401 | D:5      | Found a glowing golden altar of the Shining One.
  3434 | D:5      | Noticed Eustachio
  3443 | D:5      | Killed Eustachio
  3546 | D:5      | Found a runed translucent door.
  3547 | D:5      | Noticed Crazy Yiuf
  3606 | D:5      | Found Riune's Food Shop.
  3964 | D:5      | Killed Crazy Yiuf
  4134 | D:6      | Reached skill level 8 in Long Blades
  4595 | D:6      | Found a staircase to the Ecumenical Temple.
  4645 | Temple   | Entered the Ecumenical Temple
  4741 | Temple   | Became a worshipper of Ashenzari the Shackled
  5208 | D:7      | Reached skill level 9 in Long Blades
  5273 | D:7      | Reached XP level 10. HP: 59/64 MP: 10/10
  5365 | D:7      | Found a hazy altar of Hepliaklqana.
  6125 | D:8      | Noticed Joseph
  6148 | D:8      | Killed Joseph
  6187 | D:8      | Reached * piety under Ashenzari
  6477 | D:8      | Found a shimmering altar of Xom.
  6477 | D:8      | Found a radiant altar of Vehumet.
  6479 | D:8      | Found a hide-covered altar of Uskayaw.
  6708 | D:9      | Reached skill level 10 in Long Blades
  6788 | D:9      | Noticed a two-headed ogre
  6802 | D:9      | Killed a two-headed ogre
  7243 | D:10     | Entered Level 10 of the Dungeon
  7243 | D:10     | Noticed Snorg
  7260 | D:10     | Killed Snorg
  7260 | D:10     | Reached XP level 11. HP: 10/71 MP: 11/11
  7489 | D:10     | Reached skill level 11 in Long Blades
  7547 | D:10     | Found a staircase to the Orcish Mines.
  7759 | D:10     | Reached skill level 10 in Armour
  7862 | D:10     | Found Ugaysiki's Antique Armour Shoppe.
  7875 | D:10     | Reached skill level 10 in Fighting
  7878 | D:10     | Bought an embroidered hat for 196 gold pieces
  8323 | D:11     | Found a runed translucent door.
  8329 | D:11     | Found a portal to a secret trove of treasure.
  8459 | D:11     | Noticed a two-headed ogre
  8479 | D:11     | Killed a two-headed ogre
  8566 | D:11     | Noticed a soul eater
  8790 | D:11     | Noticed a two-headed ogre
  8802 | D:11     | Killed a two-headed ogre
  8930 | D:11     | Found a staircase to the Lair.
  9552 | D:11     | Noticed a fire crab
  9652 | D:12     | Reached skill level 12 in Long Blades
  9881 | D:12     | Reached XP level 12. HP: 61/79 MP: 12/12
  9968 | D:12     | Noticed Rupert
  9980 | D:12     | Paralysed by Rupert for 7 turns
 10013 | D:12     | Killed Rupert
 10173 | D:12     | Noticed Nessos
 10204 | D:12     | Killed Nessos
 10295 | D:12     | Reached skill level 13 in Long Blades
 10352 | D:12     | Reached ** piety under Ashenzari
 11141 | D:13     | Noticed a two-headed ogre
 11147 | D:13     | Killed a two-headed ogre
 11329 | D:13     | Reached XP level 13. HP: 76/86 MP: 13/13
 11613 | D:13     | Found Jeurawo's Demolitions Depot.
 12026 | D:14     | Found a gate to the Vaults.
 12026 | D:14     | Noticed an ironheart preserver
 12029 | D:14     | Reached skill level 14 in Long Blades
 12038 | D:14     | Killed an ironheart preserver
 12474 | D:14     | Found the +5 demon whip "Spellbinder" {antimagic, MR+}
 12639 | D:14     | Noticed Josephine
 12655 | D:14     | Killed Josephine
 12919 | D:14     | Identified the Disquisition on Frigorific Stones
 13043 | D:14     | Gained mutation: Your large and strong wings let you fly
                  | indefinitely. [Gargoyle growth]
 13043 | D:14     | Reached XP level 14. HP: 43/94 MP: 14/14
 13050 | D:14     | Reached skill level 15 in Long Blades
 13198 | D:15     | Entered Level 15 of the Dungeon
 13922 | D:15     | Found a staircase to the Depths.
 14272 | D:15     | Noticed a tengu reaver
 14282 | D:15     | Killed a tengu reaver
 14383 | D:15     | Found a basalt altar of Yredelemnul.
 14383 | D:15     | Found a stormy altar of Qazlal.
 14385 | D:15     | Noticed a frost giant
 14393 | D:15     | Killed from afar by a frost giant

Levels and vault maps discovered:
D:1:      nzn_arrival_crosshair, layout_loops_cross, minmay_pentomino_v4
D:2:      layout_basic
D:3:      layout_rooms, kiku_gazebo_garden_becter, first_ration,
          nicolae_gozag_cash_rules_everything_around_me, uniq_ijyb
D:4:      layout_cave_pools, makhleb_heckhound_becter
D:5:      layout_layer_cave, overflow_temple_1_default, serial_shops, shop,
          shop, kennysheep_mini_moat, shop, uniq_duvessa, uniq_eustachio,
          uniq_sigmund, uniq_pikel, uniq_crazy_yiuf_cottage, uniq_grinder
D:6:      layout_gridville, minmay_temple_entry_statues_fountains,
          grunt_decor_mini_mirrors, nrook_mini_backslash,
          hangedman_decor_points, chequers_serial_rivers_micro_d
D:7:      layout_basic, nicolae_overflow_hidden_temple, grunt_ogre_cave
D:8:      layout_gridville, chequers_temple_overflow_statue_of_worship,
          uniq_joseph
D:9:      layout_cross
D:10:     layout_roguey, zombieorc2_lemuel, serial_shops, shop,
          minmay_misc_feat_square, uniq_snorg
D:11:     gammafunk_mikee_crab_dinner, layout_basic,
          grunt_lair_entry_orc_guard_hut, enter_trove_2
D:12:     layout_gridville, uniq_nessos, uniq_rupert
D:13:     layout_roguey, nicolae_blasting_shop, grunt_ministairs_13
D:14:     layout_rooms, skrybe_vaults_entry_preservation, serial_park_avenue1,
          st_stairs_4, kennysheep_minor_cross, minmay_hollow_rounded_squares,
          uniq_josephine
D:15:     grunt_enter_depths_hoard, layout_cave_pools,
          hangedman_abyss_or_decor_lesser_grid, jmf_multi_god_temple
Temple:   nicolae_temple_x_marks_the_god

Skill      XL: |  1  2  3  4  5  6  7  8  9 10 11 12 13 14 |
---------------+-------------------------------------------+-----
Long Blades    | 2 3 4 6 7 9 10 12 13 14 15 | 15.7
Fighting       | 4 5 6 8 9 10 12 13 | 13.8
Armour         | 4 5 6 8 9 10 12 13 | 13.8
Shields        | |  3.2

Action                   |  1- 3 |  4- 6 |  7- 9 | 10-12 | 13-15 || total
-------------------------+-------+-------+-------+-------+-------++-------
Melee: Long sword        |   107 |   264 |   180 |   309 |       ||   860
       Rapier            |       |       |   244 |    93 |       ||   337
       Falchion          |       |       |       |   487 |       ||   487
       Great sword       |       |       |       |   140 |   368 ||   508
Throw: Throwing net      |     1 |       |       |     1 |       ||     2
 Abil: Fly               |       |       |       |       |     1 ||     1
Evoke: Wand              |       |       |       |     9 |     6 ||    15
  Use: Potion            |     1 |       |       |     7 |    10 ||    18
       Scroll            |       |       |     5 |     8 |     1 ||    14
  Eat: Chunk             |       |     6 |    10 |    25 |    11 ||    52
       Ration            |       |       |       |     1 |       ||     1
Armor: Scale mail        |    77 |   185 |   335 |   625 |   332 ||  1554
       Plate armour      |       |    18 |       |       |       ||    18
Dodge: Dodged            |    41 |   104 |   121 |   303 |   205 ||   774
Block: Shield            |    66 |   188 |   253 |   391 |       ||   898
       Rpst.: Long sword |    16 |    34 |    18 |    29 |       ||    97
       Falchion          |       |       |       |    36 |       ||    36
       Great sword       |       |       |       |    16 |    47 ||    63

Table legend:
 A = Non-vault XP
 B = Vault XP
 C = Vault XP percentage of total XP
 D = Non-vault monster count
 E = Vault monster count
 F = Vault count percentage of total count
                 A         B        C        D         E       F
            +---------+---------+-------+---------+---------+-------
      Total |   49486 |   25222 |  33.8 |     389 |      94 |  19.5
            +---------+---------+-------+---------+---------+-------
        D:1 |      38 |      13 |  25.5 |      18 |       4 |  18.2
        D:2 |     236 |       0 |   0.0 |      27 |       0 |   0.0
        D:3 |      97 |      36 |  27.1 |      25 |       1 |   3.8
        D:4 |     455 |      40 |   8.1 |      28 |       1 |   3.4
        D:5 |     376 |    1606 |  81.0 |       9 |       7 |  43.8
        D:6 |     398 |       0 |   0.0 |      18 |       0 |   0.0
        D:7 |    2128 |     118 |   5.3 |      36 |       1 |   2.7
        D:8 |     662 |     460 |  41.0 |      11 |       1 |   8.3
        D:9 |    1725 |       0 |   0.0 |      18 |       0 |   0.0
       D:10 |    1824 |    1853 |  50.4 |      21 |      37 |  63.8
       D:11 |    3687 |     830 |  18.4 |      45 |       6 |  11.8
       D:12 |    7564 |    4143 |  35.4 |      42 |       2 |   4.5
       D:13 |    7464 |     623 |   7.7 |      34 |       2 |   5.6
       D:14 |   12449 |   10401 |  45.5 |      36 |      27 |  42.9
       D:15 |   10383 |    5099 |  32.9 |      21 |       5 |  19.2
            +---------+---------+-------+---------+---------+-------
